 Dungeon Crawl Stone Soup version 0.19-a0-742-g4563caa (webtiles) character file.

86 Gruud the Chopper (level 4, -3/34 HPs)
             Began as a Demonspawn Gladiator on June 23, 2016.
             Slain by an orc
             ... wielding a +0 trident
              (7 damage)
             ... on level 3 of the Dungeon.
             The game lasted 00:04:53 (2067 turns).

Gruud the Chopper (Demonspawn Gladiator)            Turns: 2067, Time: 00:04:54

Health: -3/34      AC: 11    Str: 15    XL:     4   Next: 27%
Magic:  4/4        EV: 11    Int: 11    God:
Gold:   69         SH:  0    Dex: 13    Spells: 0 memorised, 3 levels left

rFire  . . .     SeeInvis .     a - +0 war axe
rCold  + . .     Gourm    .     e - -1 ring mail (curse)
rNeg   . . .     Faith    .     (no shield)
rPois  .         Spirit   .     c - +0 helmet
rElec  .         Dismiss  .     (no cloak)
rCorr  +         Reflect  .     (no gloves)
SustAt .         Harm     .     (no boots)
MR     .....                    m - amulet of inaccuracy (curse)
Stlth  +.........               p - ring of protection from cold
                                l - ring of resist corrosion

@: sanguine armour, not resistant to hostile enchantments, very unstealthy
A: powered by death 1, sanguine armour 1
a: no special abilities


You were on level 3 of the Dungeon.
You were not hungry.

You visited 1 branch of the dungeon, and saw 3 of its levels.

You collected 69 gold pieces.

Inventory:

Hand Weapons
 a - a +0 war axe (weapon)
Missiles
 d - 3 throwing nets (quivered)
Armour
 b - a +0 leather armour
 c - a +0 helmet (worn)
 e - a cursed -1 ring mail (worn)
 h - a +0 ring mail of cold resistance
Jewellery
 l - a ring of resist corrosion (left hand)
 m - a cursed amulet of inaccuracy (around neck)
 p - a ring of protection from cold (right hand)
Wands
 j - a wand of random effects (33/48)
Potions
 i - a potion of flight
Comestibles
 f - a bread ration
 g - 5 chunks of flesh
 k - a beef jerky
 n - a slice of pizza


   Skills:
 + Level 2.8 Fighting
 * Level 3.6 Axes
 - Level 1.7 Throwing
 + Level 1.7 Armour
 - Level 2.6 Dodging


You had 3 spell levels left.
You didn't know any spells.

Dungeon Overview and Level Annotations

Branches:
Dungeon (3/15)

Altars:


Innate Abilities, Weirdness & Mutations

You regenerate a little health from kills.
When seriously injured, your bleeding wounds create armour. (AC +6)


Message History

Something hits you but does no damage.
You miss something. The orc hits you but does no damage.
You hear some strange, mumbled words.
A puff of frost appears from out of thin air!
Helpless, you fail to dodge the puff of frost.
You barely miss something. The orc hits you but does no damage.
Something hits you but does no damage. x2; The orc completely misses you.
You completely miss something. Something hits you but does no damage.
The orc hits you but does no damage.
You miss something.
You feel less woody.
Your +0 helmet unmelds from your body.
Your cursed -1 ring mail unmelds from your body.
Your blood congeals into armour.
You hear some strange, mumbled words.
A puff of flame appears from out of thin air!
The puff of flame hits you! The orc barely misses you.
You closely miss something. Something hits you but does no damage.
The orc hits you from afar with a trident!
You die...

#.#..##
####....####
...........+
#####...####
#.......#
#.##.##.# #
#...#.# #.#.#.#
#...#@# ##.##{#
#.##.##o#
#......o#
####.###)......
.... ...<)#.
###.. .....#
###. ....... .
..>..##


You could see 2 orcs.

Vanquished Creatures
  Robin (D:2)
  2 adders (D:2)
  A worm (D:2)
  2 dart slugs (D:2)
  2 giant geckos (D:2)
  An orc (D:3)
  2 bats (D:2)
  A giant cockroach (D:2)
  7 goblins
  10 hobgoblins
  2 jackals (D:1)
  A ball python (D:1)
  4 giant newts
  5 kobolds
  5 rats
46 creatures vanquished.

Notes
Turn   | Place    | Note
--------------------------------------------------------------
     0 | D:1      | Gruud the Demonspawn Gladiator began the quest for the Orb.
     0 | D:1      | Reached XP level 1. HP: 16/16 MP: 1/1
   213 | D:1      | You fall through a shaft!
   445 | D:1      | Gained mutation: When seriously injured, your bleeding wounds create armour. (AC +6) [demonic ancestry]
   445 | D:1      | Reached XP level 2. HP: 23/23 MP: 2/2
   571 | D:1      | Reached skill level 3 in Axes
   765 | D:1      | Reached skill level 1 in Armour
  1160 | D:2      | Reached XP level 3. HP: 23/28 MP: 3/3
  1362 | D:2      | Noticed Robin
  1415 | D:2      | Killed Robin
  1646 | D:2      | Gained mutation: You regenerate a little health from kills. [demonic ancestry]
  1646 | D:2      | Reached XP level 4. HP: 25/34 MP: 4/4
  2067 | D:3      | Slain by an orc

Vault maps used:
D:1:      minmay_arrival_nine_rooms
D:2:      uniq_robin
D:3:      ecumenical_altar_2, corexii_hall_statues_l

Skill      XL: |  1  2 |
---------------+-------+-----
Axes           | 3 |  3.6
Armour         | 1 |  1.7
Fighting       | |  2.8
Throwing       | |  1.7
Dodging        | |  2.6

Action                   |  1- 3 |  4- 6 || total
-------------------------+-------+-------++-------
Melee: War axe           |   207 |    78 ||   285
  Use: Scroll            |     3 |     1 ||     4
       Potion            |     2 |     1 ||     3
  Eat: Chunk             |     3 |     1 ||     4
Armor: Ring mail         |    89 |    33 ||   122
       Leather armour    |     1 |       ||     1
       Skin              |       |    43 ||    43
Dodge: Dodged            |   136 |    48 ||   184
